 Dungeon Crawl Stone Soup version 0.29-a0-322-g68df515428 (webtiles) character file.

Game seed: 16746415311410726280

1122 snetch the Chopper (level 8, -6/70 HPs)
             Began as a Minotaur Berserker on Apr 6, 2022.
             Was a Believer of Trog.
             Mangled by Edmund
             ... wielding a +6 dire flail of protection
              (14 damage)
             ... on level 5 of the Dungeon on Apr 7, 2022.
             The game lasted 00:11:37 (5043 turns).

snetch the Chopper (Minotaur Berserker)             Turns: 5043, Time: 00:11:37

Health: -6/70      AC:  9    Str: 25    XL:     8   Next: 12%
Magic:  7/7        EV: 12    Int:  4    God:    Trog [**....]
Gold:   227        SH:  0    Dex: 11    Spells: 7/7 levels left

rFire   . . .      SeeInvis .   a - +0 hand axe (venom)
rCold   . . .      Faith    .   (no shield)
rNeg    + + +      Spirit   .   q - +1 ring mail {rF+}
rPois   .          Reflect  .   (helmet restricted)
rElec   .          Harm     .   E - +1 cloak "Lonom" {rF- rN+ Str+2}
rCorr   .          Rampage  .   (no gloves)
Will    .....                   (no boots)
Stlth   +.........              (no amulet)
HPRegen 0.21/turn               c - ring of positive energy
MPRegen 0.10/turn               D - ring of positive energy

@: no status effects
A: horns 2, retaliatory headbutt
a: Renounce Religion, Berserk, Trog's Hand


You were on level 5 of the Dungeon.
You worshipped Trog.
Trog was pleased with you.
You visited 2 branches of the dungeon, and saw 7 of its levels.

You collected 227 gold pieces.

Inventory:

Hand Weapons
 a - a +0 hand axe of venom (weapon)
 b - a +0 morningstar
 p - a +3 dagger
 F - a +0 trident
Missiles
 d - 5 atropa-tipped darts
 e - 99 stones (quivered)
Armour
 q - a +1 ring mail of fire resistance (worn)
 t - a +0 chain mail
 B - the +1 leather armour "Osmer" {rElec rCorr SInv}
   (You found it on level 4 of the Dungeon)

   rElec:     It insulates you from electricity.
   SInv:      It lets you see invisible.
   rCorr:     It protects you from acid and corrosion.
 E - the +1 cloak "Lonom" (worn) {rF- rN+ Str+2}
   (You found it on level 4 of the Dungeon)

   Str:       It affects your strength (+2).
   rF:        It makes you vulnerable to fire.
   rN:        It protects you from negative energy.
Jewellery
 c - a ring of positive energy (left hand)
 k - a ring of positive energy
 D - a ring of positive energy (right hand)
Scrolls
 f - a scroll of holy word {unknown}
 g - a scroll of amnesia {unknown}
 h - 2 scrolls of fog {unknown}
 l - 2 scrolls of enchant weapon {unknown}
 m - a scroll of vulnerability {unknown}
 o - 7 scrolls of identify {unknown}
 v - 2 scrolls of noise {unknown}
 y - 3 scrolls of teleportation {unknown}
Potions
 i - a potion of flight {unknown}
 j - 2 potions of curing {unknown}
 n - 3 potions of heal wounds {unknown}
 r - a potion of berserk rage
 s - 3 potions of might {unknown}
 u - 3 potions of mutation {unknown}
 w - a potion of haste {unknown}
 x - a potion of lignification {unknown}
 z - a potion of attraction {unknown}
 A - a potion of invisibility {unknown}
 C - a potion of resistance {unknown}


   Skills:
 + Level 5.9 Fighting
 + Level 6.4(7.0) Axes
 + Level 4.2(5.9) Maces & Flails
 + Level 2.5 Throwing
 + Level 6.2 Armour
 + Level 3.9 Dodging
 + Level 0.8 Stealth


You had 7 spell levels left.
You didn't know any spells.
Your spell library contained the following spells:

 Spells                   Type           Power      Damage    Failure   Level
 Shock                    Conj/Air       0%         1d3       63%         1
 Dazzling Flash           Conj/Hex       0%         N/A       94%         3
 Swiftness                Air            0%         N/A       94%         3
 Airstrike                Air            0%         N/A       100%        4
 Iskenderun's Mystic Bla  Conj/Tloc      0%         2d3       100%        4
 Starburst                Conj/Fire      0%         6d3       100%        6


Dungeon Overview and Level Annotations

Branches:
Dungeon (6/15)             Temple (1/1) D:4

Altars:
Ashenzari
Cheibriados
Elyvilon
Fedhas
Gozag
Hepliaklqana
Kikubaaqudgha
Makhleb
Nemelex Xobeh
Okawaru
Ru
Sif Muna
Trog
Uskayaw
Vehumet
Wu Jian
Xom
Yredelemnul
Zin

Annotations:
D:3 suspicious glass
D:5 Edmund


Innate Abilities, Weirdness & Mutations

You have a pair of horns on your head.
You reflexively headbutt those who attack you in melee.


Message History

Trog accepts your kill.
Trog appreciates your killing of a magic user.
Found a lumpy red potion.
Things that are here:
a +0 trident; a +0 robe You feel a strong urge to attack something.
You see here a +0 club.
y - 3 scrolls labelled YPPYPA JICSIMMI (gained 1)
You feel your anger nearly subside.
You are no longer berserk.
You are exhausted.
You feel yourself slow down.
You see here a +0 club.
Items here: )) [ ††.
Okay, then.
Things that are here:
a +0 dagger; a +0 robe; an orc corpse
Things that are here:
a +0 dagger; an orc corpse Edmund the Younger comes into view.
He is wielding a +6 dire flail of protection.
Your skin crawls.
You feel strong-willed.
Edmund shouts!
You feel yourself speed up.
You feel the effects of Trog's Hand fading.
Your skin stops crawling.
You feel less strong-willed.
You recover from your berserk rage.
Edmund drinks a potion.
Edmund goes berserk!
You throw a stone. The stone completely misses Edmund.
You fail to use your ability.
Edmund hits you with a +6 dire flail of protection!!
* * * LOW HITPOINT WARNING * * *
You hit Edmund.
Edmund is poisoned.
Your headbutt misses Edmund.
Edmund is lightly wounded.
Edmund hits you with a +6 dire flail of protection.
* * * LOW HITPOINT WARNING * * *
Edmund misses you.
You hit Edmund but do no damage.
Edmund looks as sick as possible!
Edmund is lightly wounded.
Edmund hits you with a +6 dire flail of protection!
You die...

#....# #.# #....# #.#
#....# #.# #....# #.#
#....# #.# #....## #.#
#.....# #.# #####
#.....##########.#
....####.(.....@@.......#
..........##.############
..........##.###
...............#
..........)....#
...............#
...............#
...........#.###
.......#####.#


You could see Edmund (berserk, extremely poisoned).

Vanquished Creatures
  Grinder (D:3)
  2 black bears
  2 ogres
  Blork the orc (D:5)
  2 scorpions (D:5)
  4 hounds
  A jelly (D:4)
  Jessica (D:3)
  2 iguanas
  Terence (D:3)
  2 orc wizards (D:5)
  2 adders
  A white imp (D:5)
  A worm (D:5)
  A dart slug (D:2)
  11 orcs
  6 endoplasms
  3 giant cockroaches
  3 hobgoblins
  7 quokkas
  3 ball pythons
  3 bats
  A frilled lizard (D:2)
  7 goblins
  9 kobolds
  2 rats (D:1)
79 creatures vanquished.

Notes
Turn   | Place    | Note
-------+----------+-------------------------------------------
     0 | D:1      | snetch the Minotaur Berserker began the quest for the Orb.
     0 | D:1      | Reached XP level 1. HP: 19/19 MP: 0/0
   128 | D:1      | Found a faded altar of an unknown god.
   364 | D:1      | Reached XP level 2. HP: 27/27 MP: 1/1
  1183 | D:3      | Found a shimmering altar of Xom.
  1568 | D:2      | Reached XP level 3. HP: 27/33 MP: 2/2
  1903 | D:2      | Reached ** piety under Trog
  2546 | D:4      | Reached skill level 1 in Throwing
  2546 | D:4      | Reached XP level 4. HP: 38/40 MP: 3/3
  2651 | D:3      | Noticed Grinder
  2671 | D:3      | Paralysed by Grinder for 7 turns
  2671 | D:3      | Noticed Terence
  2678 | D:3      | Killed Grinder
  2679 | D:3      | Reached XP level 5. HP: 16/47 MP: 4/4
  2679 | D:3      | Reached XP level 6. HP: 18/53 MP: 5/5
  2693 | D:3      | Killed Terence
  2955 | D:3      | Noticed Jessica
  2961 | D:3      | Killed Jessica
  2962 | D:3      | Reached skill level 5 in Axes
  2995 | D:3      | Reached skill level 5 in Armour
  3363 | D:4      | Identified the +1 leather armour "Osmer" {rElec rCorr SInv}
  3397 | D:5      | Entered Level 5 of the Dungeon
  3495 | D:4      | Found a staircase to the Ecumenical Temple.
  3509 | D:4      | Identified the +1 cloak "Lonom" {rF- rN+ Str+2}
  3805 | D:5      | Reached XP level 7. HP: 54/60 MP: 6/6
  3819 | D:5      | Reached skill level 5 in Fighting
  4104 | Temple   | Entered the Ecumenical Temple
  4978 | D:5      | Noticed Blork the orc
  4985 | D:5      | Reached XP level 8. HP: 23/70 MP: 7/7
  4990 | D:5      | Killed Blork the orc
  5019 | D:5      | Noticed Edmund
  5043 | D:5      | Mangled by Edmund

Illustrated notes

Levels and vault maps discovered:
D:1:      elethiomel_arrival_infinity_welcomes_careful_drivers, layout_basic,
          hellmonk_ecumenical_altar_lost_god
D:2:      layout_basic, serial_aquarium, aquarium_bridge_straight
          [aquarium_subvault_bridge, aquarium_subvault_window,
          aquarium_subvault_bridge, aquarium_subvault_wall],
          aquarium_window_corner, aquarium_window_corner, aquarium_view_2e
D:3:      layout_basic, lemuel_crystal_altar, kennysheep_nub, uniq_jessica,
          uniq_terence, uniq_grinder
D:4:      layout_loops_ring, minmay_temple_entry_ruins
D:5:      minmay_clustersquares, layout_basic, kennysheep_mini_moat,
          uniq_edmund, uniq_blork_the_orc
D:6:      layout_cave_pools, corexii_checkpoint_a, columned_hall_lemuel,
          minmay_tree_intersection, uniq_menkaure
Temple:   dpeg_five_rooms_temple

Skill      XL: |  1  2  3  4  5  6  7 |
---------------+----------------------+-----
Axes           | 4 5 6 |  6.4
Fighting       | 4 5 |  5.9
Armour         | 3 4 5 6 |  6.2
Throwing       | 1 2 |  2.5
Maces & Flails | 2 3 4 |  4.2
Dodging        | 3 |  3.9
Stealth        | |  0.8

Action                   |  1- 3 |  4- 6 |  7- 9 || total
-------------------------+-------+-------+-------++-------
Melee: Hand axe          |    80 |    22 |    49 ||   151
       Headbutt          |     6 |     7 |    12 ||    25
       Morningstar       |     9 |    32 |     6 ||    47
Throw: Stone             |    51 |    11 |     2 ||    64
Invok: Trog's Hand       |       |     2 |     2 ||     4
       Berserk           |       |       |     1 ||     1
Armor: Scale mail        |    10 |       |       ||    10
       Ring mail         |    11 |     4 |    25 ||    40
       Chain mail        |     4 |    26 |       ||    30
Dodge: Dodged            |    57 |    33 |    40 ||   130

Table legend: (Time is in decaauts)
 A = Elapsed time spent in this place.
 B = Non-inter-level travel time spent in this place.
 C = Inter-level travel time spent in this place.
 D = Time resting spent in this place.
 E = Time spent auto-exploring this place.
 F = Levels seen in this place.
 G = Mean time per level.
                   A        B        C        D        E       F      G
               +--------+--------+--------+--------+--------+-----+--------+
         Total |   5090 |   4945 |    145 |      3 |   3892 |   7 |  727.1 |
       Dungeon |   4800 |   4685 |    115 |      3 |   3646 |   6 |  800.0 |
        Temple |    289 |    259 |     30 |      0 |    246 |   1 |  289.0 |
               +--------+--------+--------+--------+--------+-----+--------+

Top non-repeatable levels by time:
     D:2: 1256 daAuts
     D:3: 1052 daAuts
     D:1: 982 daAuts
     D:4: 905 daAuts
     D:5: 562 daAuts
  Temple: 289 daAuts
     D:6: 41 daAuts
